 Dungeon Crawl Stone Soup version 0.31.0-11-ge490571c62 (webtiles) character file.

Game seed: 15693666554223893902

365 qw the Skirmisher (level 6, -5/35 HPs)
             Began as a Deep Elf Hunter on Feb 3, 2024.
             Slain by a gnoll
             ... wielding a +0 spear
             ... led by a gnoll bouda
              (8 damage)
             ... on level 4 of the Dungeon.
             The game lasted 00:00:13 (3419 turns).

qw the Skirmisher (Deep Elf Hunter)                 Turns: 3419, Time: 00:00:14

Health: -5/35      AC:  6    Str: 10    XL:     6   Next: 40%
Magic:  8/8        EV: 13    Int: 14    God:
Gold:   168        SH:  0    Dex: 18    Spells: 5/5 levels left

rFire   . . .        a - +0 shortbow
rCold   . . .        (shield currently unavailable)
rNeg    . . .        j - +0 troll leather armour {Pargi}
rPois   .            (no helmet)
rElec   .            (no cloak)
rCorr   .            (no gloves)
SInv    .            l - +2 pair of boots
Will    .....        (no amulet)
Stlth   ++           (no ring)
HPRegen 1.05/turn    (no ring)
MPRegen 0.11/turn

%: no passive effects
@: no status effects
A: no striking features
a: no special abilities


You were on level 4 of the Dungeon.
You visited 1 branch of the dungeon, and saw 4 of its levels.

You collected 168 gold pieces.


   Skills:
 - Level 2.0 Fighting
 + Level 9.7 Ranged Weapons
 - Level 3.2 Dodging
 - Level 1.2 Stealth


You had 5 spell levels left.
You didn't know any spells.
Your spell library was empty.

Inventory:

Hand Weapons
 a - a +0 shortbow (weapon)
Armour
 j - a +0 troll leather armour (worn) {Pargi}
 l - a +2 pair of boots (worn)
Jewellery
 d - a ring of ice
 p - a ring of poison resistance
Wands
 g - a wand of paralysis (11)
 h - a wand of mindburst (9)
 o - a wand of iceblast (1)
Scrolls
 b - a scroll of teleportation
 i - a scroll of amnesia {unknown}
 k - a scroll of poison {unknown}
 n - a scroll of enchant armour {unknown}
 q - a scroll of brand weapon {unknown}
Potions
 c - 2 potions of curing {unknown}
 e - a potion of mutation
 f - a potion of lignification {unknown}
 m - a potion of invisibility {unknown}

Dungeon Overview and Level Annotations

Branches:
Dungeon (4/15)
 Temple: D:4-7

Altars:
Ashenzari


Message History

The arrow hits the gnoll but does no damage.
You shoot an arrow. The arrow closely misses the gnoll.
You hear a shout!
You shoot an arrow.
The arrow hits the gnoll but does no damage.
You shoot an arrow.
The arrow hits the gnoll but does no damage.
You shoot an arrow.
The arrow hits the gnoll but does no damage.
A gnoll comes into view. It is wielding a +0 flail.
The gnoll throws a stone.
The stone barely misses you.
You shoot an arrow.
The arrow hits the gnoll but does no damage.
The gnoll misses you.
The gnoll hits you from afar with a +0 spear!
You shoot an arrow. The arrow hits the gnoll.
The gnoll is moderately wounded.
The gnoll hits you with a +0 whip. The gnoll closely misses you.
The gnoll completely misses you.
You shoot an arrow. The arrow closely misses the gnoll.
The gnoll misses you.
The gnoll hits you from afar with a +0 spear.
The gnoll hits you with a +0 whip.
You shoot an arrow. The arrow hits the gnoll.
The gnoll is moderately wounded.
You hear a shout!
The gnoll closely misses you. The gnoll barely misses you.
The gnoll misses you.
You shoot an arrow. The arrow hits the gnoll.
The gnoll is heavily wounded.
The gnoll hits you but does no damage. The gnoll closely misses you.
The gnoll hits you with a +0 whip.
A gnoll comes into view. It is wielding a +0 club.
You shoot an arrow. The gnoll shouts!
The arrow hits the gnoll but does no damage.
The gnoll is heavily wounded.
The gnoll hits you with a +0 flail! The gnoll barely misses you.
The gnoll hits you with a +0 whip.
The gnoll hits you from afar with a +0 spear!
You die...

.....#....#
.....#....#.....#.....#
.....#....#.....#.....#
.....'....#.....'.....#
####'#....#.....#.....#
###..#....#.....#.....#
.....#....#.....#.!...#
.....#....#.....#g....#
.....#....#.....@g....#
.....#....#.....#g....#
###..#....#'#####g....#
###+###......# #g##...
......#......# .. ..
......#......# ..# .
#..##.#......# .#
#..##.###....# .#
))......#....'


You could see 5 gnolls.

Vanquished Creatures
  Pargi (D:3)
  A phantom (D:3)
  Ijyb (D:3)
  An iguana (D:4)
  4 adders
  2 ufetubi (D:4)
  2 ribbon worms (D:2)
  4 dart slugs
  3 orcs (D:4)
  5 endoplasms
  A giant cockroach (D:4)
  9 goblins
  10 hobgoblins
  9 jackals
  7 quokkas
  6 ball pythons
  8 bats
  3 frilled lizards
  3 kobolds
  5 rats
85 creatures vanquished.

Notes
Turn   | Place    | Note
-------+----------+-------------------------------------------
     0 | D:1      | qw the Deep Elf Hunter began the quest for the Orb.
     0 | D:1      | Reached XP level 1. HP: 12/12 MP: 3/3
     0 | D:1      | 0 ||| qw: Version: 0.3-a-157-g843a77d
     0 | D:1      | 0 ||| qw: Game counter: 3939
     0 | D:1      | 0 ||| qw: Melee chars always use a shield: true
     0 | D:1      | 0 ||| qw: God list: Okawaru
     0 | D:1      | 0 ||| qw: Allow faded altars: false
     0 | D:1      | 0 ||| qw: Do Orc after clearing Dungeon:15 true
     0 | D:1      | 0 ||| qw: Do second Lair branch before Depths: true
     0 | D:1      | 0 ||| qw: Lair rune preference: random
     0 | D:1      | 0 ||| qw: Goals: Normal
     0 | D:1      | 0 ||| PLANNING D:1-11
    91 | D:1      | Reached XP level 2. HP: 16/16 MP: 4/4
    97 | D:1      | Reached skill level 6 in Ranged Weapons
   626 | D:1      | 626 ||| DRINKING 2 sapphire potions.
   627 | D:1      | 627 ||| DROPPING scroll of butterflies.
   628 | D:1      | 628 ||| DROPPING potion of attraction.
   814 | D:2      | Reached XP level 3. HP: 16/20 MP: 5/5
  1061 | D:2      | Reached skill level 7 in Ranged Weapons
  1375 | D:2      | HP: 5/20 [poisoned by an adder]
  1543 | D:2      | Identified the +8 whip "Ascha" {antimagic, rPois rC+ rN++
                  | Will-}
  1545 | D:2      | Reached XP level 4. HP: 25/25 MP: 6/6
  1698 | D:2      | 1698 ||| UPGRADING to +0 steam dragon scales.
  1708 | D:2      | 1708 ||| DROPPING +0 leather armour.
  1709 | D:2      | 1709 ||| READING scroll labelled OCUERIE PUPELLY.
  1823 | D:3      | Noticed a phantom
  1836 | D:3      | Killed a phantom
  1837 | D:3      | Reached skill level 8 in Ranged Weapons
  1837 | D:3      | Reached XP level 5. HP: 22/29 MP: 7/7
  1990 | D:3      | Noticed Ijyb
  1993 | D:3      | 1993 ||| FLEEEEING.
  1994 | D:3      | 1994 ||| FLEEEEING.
  1995 | D:3      | 1995 ||| FLEEEEING.
  1996 | D:3      | 1996 ||| FLEEEEING.
  1997 | D:3      | 1997 ||| FLEEEEING.
  2021 | D:3      | Killed Ijyb
  2022 | D:3      | Reached skill level 3 in Dodging
  2208 | D:3      | Noticed Pargi
  2209 | D:3      | 2209 ||| ZAPPING wand of mindburst (15) at 1,-1 (Pargi;
                  | floor).
  2210 | D:3      | 2210 ||| ZAPPING wand of mindburst (14) at 1,-1 (Pargi;
                  | floor).
  2211 | D:3      | 2211 ||| ZAPPING wand of mindburst (13) at 1,-1 (Pargi;
                  | floor).
  2212 | D:3      | 2212 ||| ZAPPING wand of mindburst (12) at 1,-1 (Pargi;
                  | floor).
  2213 | D:3      | 2213 ||| ZAPPING wand of mindburst (11) at 1,-1 (Pargi;
                  | floor).
  2214 | D:3      | 2214 ||| ZAPPING wand of mindburst (10) at 1,-1 (Pargi;
                  | floor).
  2214 | D:3      | Killed Pargi
  2215 | D:3      | Reached skill level 9 in Ranged Weapons
  2215 | D:3      | Reached XP level 6. HP: 17/34 MP: 8/8
  2617 | D:3      | 2617 ||| UPGRADING to +0 troll leather armour {Pargi}.
  2627 | D:3      | 2627 ||| DROPPING +0 steam dragon scales.
  2628 | D:3      | 2628 ||| UPGRADING to +2 pair of boots.
  2633 | D:3      | 2633 ||| READING 2 scrolls labelled DUEMPU RAEBOH.
  2634 | D:3      | 2634 ||| READING scroll labelled ZOMAIPLO TUROY.
  2634 | D:3      | 2634 ||| IDENTIFYING metallic brown potion
  2635 | D:3      | 2635 ||| READING scroll labelled OPITZEKOI UNAU.
  2639 | D:3      | 2639 ||| DROPPING scroll of revelation.
  2703 | D:4      | Found a broken altar of Ashenzari.
  3419 | D:4      | HP: 3/35 [gnoll/+0 whip[a gnoll bouda] (6)]
  3419 | D:4      | Slain by a gnoll

Levels and vault maps discovered:
D:1:      nzn_arrival_settlement, layout_loops_cross
D:2:      layout_loops_corners, kennysheep_generic_room_8
D:3:      kennysheep_the_goblin_king, layout_basic, uniq_pargi, uniq_ijyb
D:4:      layout_gridville, mainiacjoe_overflow_small_starburst

Skill      XL: |  1  2  3  4  5  6 |
---------------+-------------------+-----
Ranged Weapons | 6 7 8 9 |  9.7
Dodging        | 3 |  3.2
Fighting       | 2 |  2.0
Stealth        | |  1.2

Action                     |  1- 3 |  4- 6 || total
---------------------------+-------+-------++-------
   Fire: Shortbow          |   146 |   146 ||   292
  Evoke: Wand              |       |     6 ||     6
    Use: Potion            |     1 |       ||     1
         Scroll            |       |     4 ||     4
 Armour: Leather armour    |    32 |       ||    32
         Steam dragon scal |       |    25 ||    25
         Troll leather arm |       |    29 ||    29
  Dodge: Dodged            |    51 |    69 ||   120

Table legend:
 A = Non-vault XP
 B = Vault XP
 C = Vault XP percentage of total XP
 D = Non-vault monster count
 E = Vault monster count
 F = Vault count percentage of total count
                 A         B        C        D         E       F
            +---------+---------+-------+---------+---------+-------
      Total |     338 |     184 |  35.2 |      76 |       9 |  10.6
            +---------+---------+-------+---------+---------+-------
        D:1 |      36 |       0 |   0.0 |      21 |       0 |   0.0
        D:2 |      62 |       2 |   3.1 |      19 |       1 |   5.0
        D:3 |     129 |     182 |  58.5 |      17 |       8 |  32.0
        D:4 |     111 |       0 |   0.0 |      19 |       0 |   0.0
            +---------+---------+-------+---------+---------+-------
